 Dungeon Crawl Stone Soup version 0.29.1-15-g9cfb28693d (webtiles) character file.

Game seed: 9709513133937257000

81 Peloso the Covered (level 4, 0/40 HPs)
             Began as a Minotaur Fighter on Feb 25, 2023.
             Slain by a gnoll
             ... wielding a +0 club
              (6 damage)
             ... on level 2 of the Dungeon.
             The game lasted 00:02:48 (1801 turns).

Peloso the Covered (Minotaur Fighter)               Turns: 1801, Time: 00:02:48

Health: 0/40       AC:  7    Str: 21    XL:     4   Next: 20%
Magic:  3/3        EV:  9    Int:  5    God:
Gold:   65         SH:  5    Dex: 17    Spells: 3/3 levels left

rFire   . . .      SeeInvis .   a - +0 long sword (chaos)
rCold   . . .      Faith    .   d - +0 buckler
rNeg    . . .      Spirit   .   b - +0 scale mail
rPois   .          Reflect  .   (helmet restricted)
rElec   .          Harm     .   (no cloak)
rCorr   .          Rampage  .   (no gloves)
Will    .....                   (no boots)
Stlth   ..........              (no amulet)
HPRegen 0.13/turn               f - +6 ring of dexterity
MPRegen 0.08/turn               (no ring)

@: no status effects
A: horns 2, retaliatory headbutt
a: no special abilities


You were on level 2 of the Dungeon.
You visited 1 branch of the dungeon, and saw 2 of its levels.

You collected 65 gold pieces.

Inventory:

Hand Weapons
 a - a +0 long sword of chaos (weapon)
Armour
 b - a +0 scale mail (worn)
 d - a +0 buckler (worn)
Jewellery
 c - a ring of wizardry
 f - a +6 ring of dexterity (left hand)
Scrolls
 h - a scroll of noise {unknown}
 i - a scroll of teleportation
 l - a scroll of identify
Potions
 e - a potion of might
 g - a potion of curing
 j - a potion of invisibility {unknown}
 k - a potion of heal wounds {unknown}


   Skills:
 + Level 4.2 Fighting
 + Level 3.8 Long Blades
 + Level 4.5 Armour
 + Level 0.5 Dodging
 + Level 4.0 Shields


You had 3 spell levels left.
You didn't know any spells.
Your spell library was empty.

Dungeon Overview and Level Annotations

Branches:
Dungeon (2/15)

Altars:


Innate Abilities, Weirdness & Mutations

You have a pair of horns on your head.
You reflexively headbutt those who attack you in melee.


Message History

A gnoll comes into view.
It is wielding a +2 whip of electrocution.
There is an open door here.
A gnoll is nearby!
A gnoll is nearby!
A gnoll is nearby!
A gnoll comes into view. It is wielding a +0 spear.
Found an escape hatch in the floor.
The gnoll barely misses you.
The gnoll hits you with a +2 whip of electrocution.
A gnoll comes into view. It is wielding a +0 club.
Found a stone staircase leading down.
The gnoll shouts!
The gnoll closely misses you. The gnoll hits you but does no damage.
You hit the gnoll.
The gnoll is poisoned.
The gnoll is heavily wounded.
The gnoll hits you but does no damage. The gnoll hits you with a +0 spear.
Unknown command.
You hit the gnoll but do no damage. You headbutt the gnoll.
You kill the gnoll!
The gnoll hits you with a +2 whip of electrocution.
You are electrocuted!
The gnoll hits you with a +2 whip of electrocution.
* * * LOW HITPOINT WARNING * * *
Your Shields skill increases to level 4!
You have reached level 4!
You feel stronger.
You hit the gnoll. You headbutt the gnoll!
The gnoll is almost dead.
The gnoll hits you with a +2 whip of electrocution.
* * * LOW HITPOINT WARNING * * *
Unknown command.
You slash the gnoll!
You kill the gnoll!
Unknown command.
You closely miss the gnoll. The gnoll barely misses you.
The gnoll hits you with a +0 club.
* * * LOW HITPOINT WARNING * * *
You closely miss the gnoll. You headbutt the gnoll!
The gnoll is severely wounded.
The gnoll hits you with a +0 club.
You die...

.'.#.##†...# #.
.#.#.##.†..# #.#
.#.#.##....# #.#
##...##....# #.#
######....# #>#
##...# #.#
####...####.#
#......'..#)#####
#......##...@g..#
#......####.###..#
#......# #.# ..>
#......# #.# #
#......# #.#
#......# #.#
######## #.# #.#


You could see a gnoll.

Vanquished Creatures
  2 gnolls (D:2)
  2 adders (D:2)
  A worm (D:2)
  2 dart slugs
  4 endoplasms
  2 giant cockroaches (D:1)
  3 hobgoblins
  6 ball pythons
  5 bats
  A frilled lizard (D:1)
  9 kobolds
  3 rats
40 creatures vanquished.

Vanquished Creatures (others)
  A demonic plant (D:1)
  A plant (D:1)
2 creatures vanquished.

Grand Total: 42 creatures vanquished

Notes
Turn   | Place    | Note
-------+----------+-------------------------------------------
     0 | D:1      | Peloso the Minotaur Fighter began the quest for the Orb.
     0 | D:1      | Reached XP level 1. HP: 19/19 MP: 0/0
   157 | D:1      | Reached XP level 2. HP: 27/27 MP: 1/1
   606 | D:1      | Found a faded altar of an unknown god.
  1508 | D:2      | Reached XP level 3. HP: 33/33 MP: 2/2
  1798 | D:2      | Reached XP level 4. HP: 8/40 MP: 3/3
  1801 | D:2      | Slain by a gnoll

Illustrated notes

Levels and vault maps discovered:
D:1:      elethiomel_arrival_maze, layout_basic, shapermc_ecumenical_altar_gd,
          minmay_misc_feat_columns
D:2:      layout_basic

Skill      XL: |  1  2  3 |
---------------+----------+-----
Fighting       | 4 |  4.2
Armour         | 4 |  4.5
Long Blades    | 3 |  3.8
Shields        | 4 |  4.0
Dodging        | |  0.5

Action                   |  1- 3 |  4- 6 || total
-------------------------+-------+-------++-------
Melee: Long sword        |    94 |     4 ||    98
       Headbutt          |    14 |     2 ||    16
  Use: Scroll            |     2 |       ||     2
       Potion            |     1 |       ||     1
Armor: Scale mail        |    58 |       ||    58
Dodge: Dodged            |    45 |     1 ||    46
Block: Buckler           |    23 |       ||    23
